 Dungeon Crawl Stone Soup version 0.31-a0-202-g547052bce9 (webtiles) character file.

Game seed: 11352636296335184903

19 qw the Shooter (level 2, -1/16 HPs)
             Began as a Deep Elf Hunter on June 26, 2023.
             Slain by a rat (2 damage)
             ... on level 1 of the Dungeon.
             The game lasted 00:00:12 (349 turns).

qw the Shooter (Deep Elf Hunter)                     Turns: 349, Time: 00:00:12

Health: -1/16      AC:  3    Str:  8    XL:     2   Next: 55%
Magic:  4/4        EV: 12    Int: 13    God:
Gold:   38         SH:  0    Dex: 18    Spells: 1/1 levels left

rFire   . . .        a - +0 shortbow
rCold   . . .        (shield currently unavailable)
rNeg    . . .        c - +0 leather armour
rPois   .            (no helmet)
rElec   .            (no cloak)
rCorr   .            (no gloves)
SInv    .            (no boots)
Will    .....        (no amulet)
Stlth   ++           (no ring)
HPRegen 0.22/turn    (no ring)
MPRegen 0.09/turn

%: no passive effects
@: no status effects
A: no striking features
a: no special abilities


You were on level 1 of the Dungeon.
You visited 1 branch of the dungeon, and saw 1 of its levels.

You collected 38 gold pieces.


   Skills:
 - Level 1.5 Fighting
 + Level 6.3 Ranged Weapons
 - Level 2.4 Dodging
 - Level 1.2 Stealth


You had one spell level left.
You didn't know any spells.
Your spell library was empty.

Inventory:

Hand Weapons
 a - a +0 shortbow (weapon)
Armour
 c - a +0 leather armour (worn)
Scrolls
 b - a scroll of butterflies
 d - a scroll of vulnerability {unknown}
 i - a scroll of teleportation {unknown}
Potions
 e - a potion of magic {unknown}
 f - a potion of enlightenment {unknown}
 g - a potion of invisibility {unknown}
 h - a potion of resistance {unknown}

Dungeon Overview and Level Annotations

Branches:
Dungeon (1/15)

Altars:


Message History

The jackal bites you. The quokka bites you.
You shoot an arrow. The arrow misses the quokka.
The jackal bites you but does no damage.
The quokka barely misses you. x2
You shoot an arrow. The arrow barely misses the quokka.
The jackal bites you but does no damage.
The jackal closely misses you. The quokka bites you.
You shoot an arrow. The arrow hits the quokka.
The quokka is almost dead.
The jackal closely misses you. The jackal bites you.
The quokka closely misses you. The jackal bites you.
The jackal splashes around in the water.
You shoot an arrow. The arrow hits the quokka!
You kill the quokka!
The jackal barely misses you.
The jackal splashes around in the water.
The jackal closely misses you.
You shoot an arrow. The arrow barely misses the jackal.
The jackal barely misses you. The jackal closely misses you.
The jackal bites you. The rat closely misses you.
You shoot an arrow.
The arrow hits the jackal but does no damage.
The jackal barely misses you. The jackal bites you. The rat bites you.
The jackal misses you.
You shoot an arrow. The arrow completely misses the jackal.
The arrow hits the jackal.
The jackal is heavily wounded.
The jackal bites you.
The jackal bites you but does no damage.
The rat misses you.
The jackal splashes around in the water.
You shoot an arrow. The arrow barely misses the jackal.
The arrow closely misses the jackal.
The jackal misses you. The jackal barely misses you.
The rat closely misses you. The jackal bites you.
The jackal splashes around in the water.
You shoot an arrow. The arrow closely misses the jackal.
The arrow barely misses the jackal.
The jackal bites you. The rat bites you.
You die...

# #..... ########
##..... #......'
..~~..~ #.######
..~.~.. #.# #
~~~~~~. #%# ~~~~~..
#.#
~~~~~.h##########.#
7~~~hh@..........#
_~~~~~r############
.~~~~.~ ~~~~~.~
~~~~~.. ~~~~~~.
~..~!~. ~.$.~..


You could see 3 jackals and a rat.

Vanquished Creatures
  A ball python (D:1)
  2 endoplasms (D:1)
  A giant cockroach (D:1)
  2 goblins (D:1)
  A hobgoblin (D:1)
  3 jackals (D:1)
  2 quokkas (D:1)
  A frilled lizard (D:1)
  2 kobolds (D:1)
15 creatures vanquished.

Notes
Turn   | Place    | Note
-------+----------+-------------------------------------------
     0 | D:1      | qw the Deep Elf Hunter began the quest for the Orb.
     0 | D:1      | Reached XP level 1. HP: 12/12 MP: 3/3
     0 | D:1      | 0 ||| qw: Version: 0.3-a-22-g0ed2b0b
     0 | D:1      | 0 ||| qw: Game counter: 6015
     0 | D:1      | 0 ||| qw: Melee chars always use a shield: true
     0 | D:1      | 0 ||| qw: God list: Okawaru
     0 | D:1      | 0 ||| qw: Allow faded altars: false
     0 | D:1      | 0 ||| qw: Do Orc after clearing Dungeon:15 true
     0 | D:1      | 0 ||| qw: Do second Lair branch before Depths: true
     0 | D:1      | 0 ||| qw: Lair rune preference: random
     0 | D:1      | 0 ||| qw: Goals: Normal
     0 | D:1      | 0 ||| PLANNING D:1-11
   185 | D:1      | Reached XP level 2. HP: 13/16 MP: 4/4
   209 | D:1      | Reached skill level 6 in Ranged Weapons
   331 | D:1      | Found a faded altar of an unknown god.
   346 | D:1      | HP: 4/16 [rat (1)]
   349 | D:1      | HP: 1/16 [jackal (1)]
   349 | D:1      | Slain by a rat

Levels and vault maps discovered:
D:1:      dpeg_arrival_three_same_balls, layout_basic,
          chequers_ecumenical_altar_island

Skill      XL: |  1  2 |
---------------+-------+-----
Ranged Weapons | 6 |  6.3
Fighting       | |  1.5
Dodging        | |  2.4
Stealth        | |  1.2

Action                     || total
---------------------------++-------
   Fire: Shortbow          ||    66
 Armour: Leather armour    ||     6
  Dodge: Dodged            ||    24

Table legend:
 A = Non-vault XP
 B = Vault XP
 C = Vault XP percentage of total XP
 D = Non-vault monster count
 E = Vault monster count
 F = Vault count percentage of total count
                 A         B        C        D         E       F
            +---------+---------+-------+---------+---------+-------
      Total |      28 |       0 |   0.0 |      15 |       0 |   0.0
            +---------+---------+-------+---------+---------+-------
        D:1 |      28 |       0 |   0.0 |      15 |       0 |   0.0
            +---------+---------+-------+---------+---------+-------
